cohdb
Replays
Latest Replays
All Replays
Popular Replays
Top Player Replays
Match Explorer
How It Works
Community
CoH3 Stats
Reddit
Sign in to upload your games and track your stats! →
Sign in with Steam
Match 37944302
Unlisted
Match 37944302
Overview
Messages
Build Orders
End
Panzerpioneer Squad
Panzerpioneer Squad
Selects Battlefield Espionage Battlegroup
250 Light Carrier
Panzerpioneer Squad
Construct Light Support Kompanie
Combat Half-tracks
Selects Intel Disruption Beacon
Fire Support Elements
Panzerpioneer Squad
Vehicle Survival Package
Veteran Squad Leaders
Pak 38 Mechanized Group
Selects Plunder
Tungsten Core Ammunition
2.5-tonne Medical Truck
Selects 250/3 Funkpanzerwagen
Construct Panzerarmee Kommand
Walking Stuka Rocket Launcher
Emergency Repair Kits
Selects Anti-Tank Incendiary Munitions
Pak 38 Mechanized Group
Rapid Advance
Panzerpioneer Squad
Selects Disruption Operation
Armored Reserves
Leiarde
Ping Ping
聽取蛙聲一片
STALKER4732
kit.ohume
Devochkin
0
0
Comments
sign in to comment!
No comments posted yet!